Unix NetHack Version 3.7.0-66 Work-in-progress - last build Oct 24 2022 02:09:04 (0cf9ee0665dfd4e3628fd2b6ead320895a4d4695,branch:master). Game began 2022-10-25 23:46:22, ended 2022-10-26 19:29:54. aerth, neutral female human Monk ------------- |...........| #............| #|...........| ##|...........| ## ------------- ------##### |^<{..# %.@a.e| ------ Aerth the Initiate St:18/02 Dx:11 Co:13 In:7 Wi:15 Ch:9 Neutral Dlvl:6 $:446 HP:0(52) Pw:45(54) AC:2 Xp:7/942 T:3040 Burdened Latest messages: Your hands no longer glow so brightly red. The giant ant appears confused. The giant ant misses! The giant ant bites! You miss the giant ant. The giant ant bites! The giant ant bites the giant ant. The newt bites! You hit the hill orc! Your hands no longer glow so brightly red. The hill orc appears confused. The giant ant misses! The hill orc wields a curved sword! The newt bites! You miss the giant ant. The giant ant bites! The hill orc hits the giant ant. The newt misses! You kill the hill orc! The giant ant bites! The giant ant bites! You hit the giant ant! Your hands no longer glow so brightly red. The giant ant appears confused. The giant ant bites the giant ant. The giant ant is killed! The hill orc swings his curved sword. The hill orc hits! You kill the giant ant! The hill orc swings his curved sword. The hill orc hits! The newt misses! The hill orc swings his curved sword. The hill orc misses! The newt misses! You hit the hill orc! Your hands stop glowing red. The hill orc appears confused. The newt bites! You kill the newt! You see here an orcish helm. The hill orc swings his curved sword. The hill orc hits! You kill the hill orc! The giant ant bites! You hit the giant ant! The giant ant bites! You kill the giant ant! The giant ant bites! You die... Inventory: Coins ('$') $ - 446 gold pieces Amulets ('"') E - a cursed amulet of change Weapons (')') L - 9 uncursed +0 shuriken Armor ('[') a - an uncursed +2 pair of leather gloves (being worn) U - a blessed +0 pair of iron shoes (being worn) t - an uncursed +1 robe (being worn) Comestibles ('%') h - 6 uncursed apples n - an uncursed clove of garlic g - 3 uncursed food rations w - 3 uncursed food rations j - 4 uncursed fortune cookies i - 6 uncursed oranges Scrolls ('?') y - an uncursed scroll of create monster M - an uncursed scroll of remove curse x - an uncursed scroll of teleportation Spellbooks ('+') F - an uncursed spellbook of create monster Rings ('=') D - an uncursed ring of regeneration Wands ('/') K - an uncursed wand of create monster (0:13) l - an uncursed wand of make invisible (0:3) S - an uncursed wand of speed monster (0:8) Tools ('(') b - an uncursed sack containing 7 items R - an empty uncursed sack Q - an uncursed magic marker (0:60) k - an uncursed skeleton key m - a cursed wax candle Gems/Stones ('*') P - an uncursed amber stone H - an uncursed black opal C - an uncursed chrysoberyl stone J - 2 uncursed worthless pieces of black glass I - an uncursed worthless piece of blue glass o - 2 uncursed worthless pieces of green glass O - 2 uncursed worthless pieces of orange glass B - an uncursed worthless piece of red glass N - an uncursed worthless piece of white glass z - an uncursed worthless piece of yellow glass G - a cursed loadstone Contents of the sack: a cursed scroll of enchant armor an uncursed scroll of identify a blessed spellbook of confuse monster an uncursed potion of extra healing a blessed potion of healing 2 uncursed potions of healing an uncursed potion of water Aerth the Monk's attributes: Background: You were an Initiate, a level 7 female human Monk. You were neutral, on a mission for Chih Sung-tzu who was opposed by Shan Lai Ching (lawful) and Huan Ti (chaotic). You were in the Dungeons of Doom, on level 6. You entered the dungeon 3040 turns ago. There was a new moon in effect when your adventure ended. You had 942 experience points, 338 more were needed to attain level 8. Basics: You had 0 out of 52 hit points. You had 45 out of 54 energy points (spell power). Your armor class was 2. Your wallet contained 446 zorkmids. Autopickup was on for '$?!"=/*', with exceptions. Final Characteristics: Your strength was 18/02 (limit:18/100). Your dexterity was 11 (limit:18). Your constitution was 13 (limit:18). Your intelligence was 7 (limit:18). Your wisdom was 15 (limit:18). Your charisma was 9 (limit:18). Final Status: You were not hungry. You were burdened; movement was slightly slowed. You were empty handed. You were skilled in martial arts. Final Attributes: You were piously aligned. You were sleep resistant. You were poison resistant. You saw invisible. You were warned. You were stealthy. You were guarded. You were fast. You are dead. Miscellaneous: You disabled loading of bones levels. Total elapsed playing time was 55 minutes and 9 seconds. Major events: Turn 1: aerth the neutral female human Monk entered the dungeon 606: entered the Gnomish Mines 692: attained the rank of Novice (level 3) 1236: attained the rank of Initiate (level 6) 1302: reached Mine Town 3040: killed by a giant ant Vanquished creatures: 2 small mimics a lizard a dingo a raven a rope golem a wood nymph 2 rock piercers a fog cloud a violet fungus 6 gnome leaders a kobold mummy 3 elf zombies 5 giant ants 9 dwarves a homunculus 2 hill orcs 3 rothes a giant bat an orc zombie 4 dwarf zombies an iguana 3 hobbits 7 manes 2 giant rats 2 red molds 34 gnomes a gecko 3 jackals a kobold a goblin a grid bug a lichen 6 newts 110 creatures vanquished. No species were genocided or became extinct. Voluntary challenges: You followed a strict vegan diet. You never hit with a wielded weapon. You read items or engraved 2 times. You never engraved Elbereth. You never genocided any monsters. You never polymorphed an object. You never changed form. You used no wishes. Achievements: You entered the Gnomish Mines. You entered a shop. You attained the rank of Novice. You attained the rank of Initiate. You entered Minetown. You entered a temple. The Dungeons of Doom: levels 1 to 6 Level 1: Many fountains, a grave. Level 2: Level 3: A general store, a grave. Stairs down to The Gnomish Mines. Level 4: A fountain. Level 5: A scroll shop, some fountains. Level 6: <- You were here. A fountain. Final resting place for you, killed by a giant ant. The Gnomish Mines: levels 4 to 8 Level 4: Level 5: Level 6: Level 7: Many shops, a temple, some fountains, some trees. Level 8: Game over: ---------- / \ / REST \ / IN \ / PEACE \ / \ | aerth | | 446 Au | | killed by a | | giant ant | | | | | | 2022 | *| * * * | * _________)/\\_//(\/(/\)/\//\/|_)_______ Goodbye aerth the Monk... You died in The Dungeons of Doom on dungeon level 6 with 4530 points, and 446 pieces of gold, after 3040 moves. You were level 7 with a maximum of 52 hit points when you died.